 Dungeon Crawl Stone Soup version 0.30-a0-862-g1aabd4f9c5 (webtiles) character file.

Game seed: 13239360574916163590

1099 Pimp the Sneak (level 8, -2/39 HPs)
             Began as a Spriggan Enchanter on Mar 9, 2023.
             Killed by divine providence
             ... invoked by an orc priest
              (13 damage)
             ... on level 5 of the Dungeon.
             The game lasted 00:18:02 (5295 turns).

Pimp the Sneak (Spriggan Enchanter)                 Turns: 5295, Time: 00:18:02

Health: -2/39      AC:  3    Str:  4    XL:     8   Next: 10%
Magic:  14/17      EV: 24    Int: 18    God:
Gold:   324        SH:  0    Dex: 16    Spells: 10/17 levels left

rFire   . . .      SeeInvis +    z - +1 short sword (drain)
rCold   . . .      Faith    .    (no shield)
rNeg    . . .      Spirit   .    b - +1 robe
rPois   .          Reflect  .    (helmet restricted)
rElec   .          Rampage  .    i - scarf {+Inv}
rCorr   .                        (gloves unavailable)
Will    +....                    (boots unavailable)
Stlth   ++++                     (no amulet)
HPRegen 0.26/turn                f - +5 ring of evasion
MPRegen 0.15/turn                r - ring of wizardry

@: very quick
A: very small, no large weapons, unfitting armour, see invisible, speed 3
a: Evoke Invisibility


You were on level 5 of the Dungeon.
You visited 1 branch of the dungeon, and saw 5 of its levels.
You also visited: Ossuary.

You collected 324 gold pieces.

Inventory:

Hand Weapons
 a - a +1 dagger
 z - a +1 short sword of draining (weapon)
Missiles
 g - 3 throwing nets
Armour
 b - a +1 robe (worn)
 i - a scarf of invisibility (worn)
Jewellery
 f - a +5 ring of evasion (left hand)
 r - a ring of wizardry (right hand)
Wands
 q - a wand of mindburst (21) (quivered)
Scrolls
 j - 2 scrolls of teleportation
 k - a scroll of immolation
 p - 4 scrolls of identify
 u - 2 scrolls of enchant armour
 v - a scroll of fog
 y - a scroll of vulnerability {unknown}
Potions
 c - a potion of degeneration {unknown}
 d - a potion of flight {unknown}
 e - a potion of cancellation
 h - a potion of might {unknown}
 l - 3 potions of mutation {unknown}
 m - a potion of lignification {unknown}
 n - 4 potions of heal wounds
 o - 2 potions of curing {unknown}
 s - a potion of ambrosia {unknown}
 t - a potion of magic {unknown}
 w - a potion of brilliance {unknown}
 x - 3 potions of haste {unknown}


   Skills:
 + Level 2.8 Fighting
 + Level 4.3 Short Blades
 + Level 5.6 Dodging
 + Level 7.5 Stealth
 + Level 5.4 Spellcasting
 + Level 5.9 Hexes


You had 10 spell levels left.
You knew the following spells:

 Your Spells              Type           Power      Damage    Failure   Level
a - Magic Dart            Conj           16%        1d3       5%          1
b - Ensorcelled Hibernat  Hex/Ice        30%        N/A       2%          2
c - Sandblast             Erth           8%         2d5       5%          1
d - Spider Form           Tmut/Pois      4%         N/A       16%         3

Your spell library contained the following spells:

 Spells                   Type           Power      Damage    Failure   Level
 Confusing Touch          Hex            26%        N/A       1%          3
 Tukima's Dance           Hex            26%        N/A       1%          3
 Dazzling Flash           Conj/Hex       30%        N/A       4%          3
 Call Imp                 Summ           4%         N/A       8%          2
 Passwall                 Tmut/Erth      3%         N/A       8%          2
 Mephitic Cloud           Conj/Pois/Air  4%         N/A       16%         3
 Stone Arrow              Conj/Erth      8%         3d7       16%         3
 Anguish                  Hex/Necr       7%         N/A       16%         4


Dungeon Overview and Level Annotations

Branches:
Dungeon (5/15)            Ossuary (visited)
 Temple: D:4-7

Altars:
Cheibriados
Elyvilon
The Shining One


Innate Abilities, Weirdness & Mutations

You are very small and have problems with some larger weapons.
You are too small for most types of armour.
You have supernaturally acute eyesight. (SInv)
You cover ground extremely quickly. (Speed+++)


Message History

Aim: an orc priest, wielding a +0 hand axe (chance to affect: 49%)
The orc priest resists with some effort.
The orc priest hits you with a +0 hand axe.
You hit the orc priest but do no damage.
You drain the orc priest.
The orc priest is lightly wounded.
The orc priest completely misses you.
You closely miss the orc.
Unknown command.
Casting: Ensorcelled Hibernation (safe; 2% risk of failure)
Confirm with . or Enter, or press ? or * to list all spells.
Aiming: Ensorcelled Hibernation (safe; 2% risk of failure)
Press: ? - help, Shift-Dir - straight line, f/p - orc priest
Aim: an orc priest, wielding a +0 hand axe (lightly wounded, heavily drained, chance to affect: 54%)
The orc priest resists with significant effort.
The orc priest completely misses you. The orc closely misses you.
You closely miss the orc.
The orc priest casts a cantrip, but nothing happens.
The orc closely misses you.
You hit the orc priest. You drain the orc priest.
The orc priest is moderately wounded.
The orc closely misses you. The orc priest barely misses you.
You hit the orc priest. You drain the orc priest.
The orc priest is severely wounded.
The orc priest completely misses you. The orc closely misses you.
You hit the orc priest.
The orc priest is almost dead.
You barely miss the orc priest.
The orc priest is almost dead.
The orc priest invokes the aid of Beogh against you.
Beogh smites you! The orc completely misses you.
The orc priest invokes the aid of Beogh against you.
Beogh smites you!
* * * LOW HITPOINT WARNING * * *
The orc priest casts a cantrip, but nothing happens.
You see here a potion of heal wounds.
n - 4 potions of heal wounds (gained 1)
The orc priest calls down the wrath of Beogh upon you.
Beogh smites you!
You die...

#. #.# ####.. #####.# #.#
#... ...#.##########.# #..~
#....##........# #..~ #
#.....#.#####..# #..~ ##.
#........>.....# #..~
...#.#.#.#.#......# #...
#.#.#..#.#.#.#.###.## ##..
......o.oo.@...###.# ##.
#.###.##.#.#.......########.
#. #.#...............### #.
#.#.#............## #
#.###..~~........#
#.###.~..~.......##
#.##~~~..~..~~...~##
..#~~~..~..~..~..~~#
~~...~.⌠~..~..~~#


You could see an orc priest (very drained) and 2 orcs.

Vanquished Creatures
  2 black bears
  An ogre (D:5)
  5 water moccasin zombies (Ossuary)
  2 centaur zombies (Ossuary)
  2 hounds (D:5)
  2 bullfrog zombies (Ossuary)
  2 jellies
  Ijyb (D:3)
  3 iguanas (D:5)
  3 scorpion zombies (Ossuary)
  A mummy (Ossuary)
  3 gnolls (D:3)
  A white imp (D:5)
  5 adder zombies (Ossuary)
  4 orcs
  2 endoplasms
  7 giant cockroaches
  5 gnoll zombies (Ossuary)
  3 goblins
  5 hobgoblins
  6 jackals (D:3)
  8 kobolds
  8 ball pythons
  12 bats
  5 frilled lizards
  2 goblin zombies (Ossuary)
  3 hobgoblin zombies (Ossuary)
  3 orc zombies (Ossuary)
  2 quokka zombies (D:5)
  7 rats
115 creatures vanquished.

Vanquished Creatures (others)
  4 plants (D:1)
4 creatures vanquished.

Grand Total: 119 creatures vanquished

Notes
Turn   | Place    | Note
-------+----------+-------------------------------------------
     0 | D:1      | Pimp the Spriggan Enchanter began the quest for the Orb.
     0 | D:1      | Reached XP level 1. HP: 9/9 MP: 5/5
   311 | D:1      | Reached XP level 2. HP: 13/13 MP: 6/6
   997 | D:2      | Found a snail-covered altar of Cheibriados.
  1123 | D:2      | Reached XP level 3. HP: 16/16 MP: 8/8
  1129 | D:2      | Learned a level 1 spell: Magic Dart
  1132 | D:2      | Learned a level 2 spell: Ensorcelled Hibernation
  1613 | D:3      | Reached skill level 5 in Stealth
  1619 | D:3      | Reached XP level 4. HP: 21/21 MP: 0/10
  1996 | D:3      | Noticed Ijyb
  2002 | D:3      | Killed Ijyb
  2717 | D:4      | Reached skill level 1 in Fighting
  2717 | D:4      | Reached XP level 5. HP: 25/25 MP: 11/11
  2784 | D:4      | Noticed a black bear
  2795 | D:4      | Killed a black bear
  2916 | D:4      | Found a glowing golden altar of the Shining One.
  2920 | D:4      | Found a white marble altar of Elyvilon.
  3144 | D:5      | Entered Level 5 of the Dungeon
  3171 | D:5      | Noticed an ogre
  3177 | D:5      | Killed an ogre
  3178 | D:5      | Reached XP level 6. HP: 16/30 MP: 13/13
  3183 | D:5      | Reached skill level 6 in Stealth
  3190 | D:5      | Found a sand-covered staircase.
  3199 | Ossuary  | Entered an ossuary
  3334 | Ossuary  | HP: 1/30 [water moccasin zombie (4)]
  3372 | Ossuary  | Reached skill level 5 in Hexes
  3644 | Ossuary  | Reached XP level 7. HP: 25/35 MP: 14/14
  3955 | Ossuary  | Reached skill level 5 in Dodging
  4250 | Ossuary  | Reached skill level 7 in Stealth
  4250 | Ossuary  | Reached skill level 5 in Spellcasting
  4381 | Ossuary  | Learned a level 1 spell: Sandblast
  4393 | Ossuary  | Learned a level 3 spell: Spider Form
  4556 | Ossuary  | Noticed a silent spectre
  4947 | D:5      | Reached XP level 8. HP: 39/39 MP: 16/16
  5295 | D:5      | Killed from afar by an orc priest

Illustrated notes

Levels and vault maps discovered:
D:1:      minmay_arrival_four_circles, layout_basic, serial_bayou_ford_a
D:2:      layout_rooms, basic_altar, dk_noncrumbling_4
D:3:      layout_basic, hex_intersection, uniq_ijyb
D:4:      layout_rooms, elyvilon_altar_4, mainiacjoe_overflow_24_doors,
          kennysheep_mini, minmay_temple_entry_fiery,
          nicolae_kite_square_tiling_tiny
D:5:      cheibrodos_helix_gallery, layout_loops_corners, enter_ossuary_4,
          serial_park_tiny_pond

Skill      XL: |  1  2  3  4  5  6  7 |
---------------+----------------------+-----
Dodging        | 3 4 5 |  5.6
Spellcasting   | 3 4 5 |  5.4
Hexes          | 4 5 |  5.9
Short Blades   | 2 3 4 |  4.3
Stealth        | 5 6 7 |  7.5
Fighting       | 1 2 |  2.8

Action                     |  1- 3 |  4- 6 |  7- 9 || total
---------------------------+-------+-------+-------++-------
  Melee: Dagger            |   138 |   251 |   190 ||   579
         Punch             |     2 |     3 |     4 ||     9
         Unarmed           |       |       |    10 ||    10
         Short sword       |       |       |     7 ||     7
   Cast: Ensorcelled Hiber |    10 |    16 |     8 ||    34
         Magic Dart        |       |       |    35 ||    35
         Sandblast         |       |       |     4 ||     4
         Spider Form       |       |       |     1 ||     1
  Evoke: Wand              |       |       |     1 ||     1
    Use: Scroll            |     4 |     5 |       ||     9
         Potion            |       |     6 |       ||     6
   Stab: Sleeping          |    17 |    18 |     9 ||    44
         Invisible         |       |     1 |       ||     1
 Armour: Robe              |    17 |    33 |    17 ||    67
         Skin              |       |       |     1 ||     1
  Dodge: Dodged            |   157 |   283 |   265 ||   705

Table legend: (Time is in decaauts)
 A = Elapsed time spent in this place.
 B = Non-inter-level travel time spent in this place.
 C = Inter-level travel time spent in this place.
 D = Time resting spent in this place.
 E = Time spent auto-exploring this place.
 F = Levels seen in this place.
 G = Mean time per level.
                   A        B        C        D        E       F      G
               +--------+--------+--------+--------+--------+-----+--------+
         Total |   3937 |   3876 |     61 |   1149 |   1273 |   6 |  656.2 |
       Dungeon |   2826 |   2765 |     61 |    734 |   1255 |   5 |  565.2 |
       Ossuary |   1111 |   1111 |      0 |    414 |     18 |   1 | 1111.0 |
               +--------+--------+--------+--------+--------+-----+--------+

Top non-repeatable levels by time:
 Ossuary: 1111 daAuts
     D:3: 830 daAuts
     D:1: 641 daAuts
     D:5: 479 daAuts
     D:2: 446 daAuts
     D:4: 429 daAuts
